 Dungeon Crawl Stone Soup version 0.28.0-45-g0d030f2227 (webtiles) character file.

Game seed: 621884152731097365

198 nickcage the Firebug (level 5, -4/28 HPs)
             Began as a Deep Elf Fire Elementalist on Apr 4, 2022.
             Slain by an iguana (11 damage)
             ... on level 4 of the Dungeon.
             The game lasted 00:08:02 (3152 turns).

nickcage the Firebug (Deep Elf Fire Elementalist)   Turns: 3152, Time: 00:08:02

Health: -4/28      AC:  3    Str:  5    XL:     5   Next: 47%
Magic:  0/11       EV: 12    Int: 22    God:
Gold:   94         SH:  4    Dex: 21    Spells: 7/10 levels left

rFire   . . .      SeeInvis .   l - +0 rapier
rCold   . . .      Faith    .   g - +0 buckler
rNeg    . . .      Spirit   .   a - +0 robe
rPois   .          Reflect  .   c - +0 helmet
rElec   .          Harm     .   (no cloak)
rCorr   .          Rampage  .   (no gloves)
Will    .....                   (no boots)
Stlth   ++........              (no amulet)
HPRegen 0.09/turn               f - +6 ring of dexterity
MPRegen 0.12/turn               (no ring)

@: no status effects
A: no striking features
a: no special abilities


You were on level 4 of the Dungeon.
You visited 1 branch of the dungeon, and saw 4 of its levels.

You collected 94 gold pieces.

Inventory:

Hand Weapons
 b - a +0 dagger
 l - a +0 rapier (weapon)
Armour
 a - a +0 robe (worn)
 c - a +0 helmet (worn)
 g - a +0 buckler (worn)
Jewellery
 f - a +6 ring of dexterity (left hand)
Wands
 h - a wand of flame (19)
 n - a wand of digging (1)
Scrolls
 i - a scroll of amnesia {unknown}
 m - a scroll of teleportation
Potions
 d - 3 potions of curing
 e - a potion of heal wounds {unknown}
 j - a potion of haste
 k - a potion of magic {unknown}


   Skills:
 - Level 2.4 Dodging
 - Level 2.4 Stealth
 + Level 3.0 Spellcasting
 - Level 1.1 Conjurations
 + Level 6.9 Fire Magic


You had 7 spell levels left.
You knew the following spells:

 Your Spells              Type           Power      Damage    Failure   Level
a - Foxfire               Conj/Fire      80%        2x1d8     3%          1
b - Scorch                Fire           66%        2d8       1%          2

Your spell library contained the following spells:

 Spells                   Type           Power      Damage    Failure   Level
 Conjure Flame            Conj/Fire      20%        6-21      10%         3
 Inner Flame              Hex/Fire       18%        N/A       12%         3
 Flame Wave               Conj/Fire      20%        2d7       32%         4


Dungeon Overview and Level Annotations

Branches:
Dungeon (4/15)
 Temple: D:4-7

Altars:
Ashenzari
Elyvilon
Fedhas
Gozag
Zin
The Shining One


Message History

The adder skeleton is severely damaged.
The adder skeleton's fire resistance burns away.
The adder skeleton bites you. The iguana closely misses you.
You are too injured to fight recklessly!
Casting: Scorch (safe; 1% risk of failure)
Press: ? - help, Q - select action, (/) - cycle Dir - look around, f - activate Flames lash the adder skeleton.
The adder skeleton is burned terribly!
You destroy the adder skeleton!
You block the iguana's attack. The worm closely misses you.
Casting: Scorch (safe; 1% risk of failure)
Press: ? - help, Q - select action, (/) - cycle Dir - look around, f - activate Flames lash the iguana.
The iguana is severely wounded.
The ball python misses you. The ball python closely misses you.
You block the iguana's attack.
You hit the iguana.
The iguana is almost dead.
The ball python barely misses you. x2; The worm completely misses you.
The iguana bites you.
The ball python bites you but does no damage.
The ball python grabs you. The ball python constricts you.
You escape the ball python's grasp.
There is a stone staircase leading up here.
The ball python bites you.
* * * LOW HITPOINT WARNING * * *
The ball python grabs you.
You stop ascending the stairs.
The ball python constricts you.
* * * LOW HITPOINT WARNING * * *
You block the iguana's attack. You block the ball python's attack.
The ball python constricts you.
You are too injured to fight recklessly!
Casting: Scorch (safe; 1% risk of failure)
Press: ? - help, Q - select action, (/) - cycle Dir - look around, f - activate Flames lash the ball python.
You kill the ball python!
The iguana barely misses you. You block the worm's attack.
You closely miss the iguana.
The iguana is almost dead.
The iguana bites you!
You die...

.# ### .#
##.##.#
##.8...# #
##......##.#
#.8...8.....
#..w†l...#.#
#...@....#
#.......##
#.8(.(8.#
##.....##
##.8.##
..... .####
#.


You could see a worm and an iguana (combustible).

Vanquished Creatures
  A phantom (D:2)
  An orc wizard (D:3)
  2 adders
  An adder skeleton (D:4)
  A worm (D:3)
  3 dart slugs
  4 orcs
  2 endoplasms
  7 giant cockroaches
  4 goblins
  6 hobgoblins
  8 jackals
  3 kobolds
  A quokka (D:1)
  5 ball pythons
  9 bats
  5 rats
63 creatures vanquished.

Vanquished Creatures (others)
  12 foxfires (D:1)
12 creatures vanquished.

Grand Total: 75 creatures vanquished

Notes
Turn   | Place    | Note
-------+----------+-------------------------------------------
     0 | D:1      | nickcage the Deep Elf Fire Elementalist began the quest for
                  | the Orb.
     0 | D:1      | Reached XP level 1. HP: 10/10 MP: 6/6
   223 | D:1      | Reached skill level 4 in Fire Magic
   223 | D:1      | Reached XP level 2. HP: 2/15 MP: 5/8
   226 | D:1      | Learned a level 2 spell: Scorch
  1079 | D:2      | Reached XP level 3. HP: 19/19 MP: 0/9
  1302 | D:2      | Noticed a phantom
  1307 | D:2      | Killed a phantom
  1308 | D:2      | Reached skill level 6 in Fire Magic
  1308 | D:2      | Reached XP level 4. HP: 24/24 MP: 3/10
  2204 | D:3      | Found a broken altar of Ashenzari.
  2274 | D:3      | Reached XP level 5. HP: 26/28 MP: 4/11
  2843 | D:3      | Found a faded altar of an unknown god.
  2949 | D:3      | Found a white marble altar of Elyvilon.
  2956 | D:3      | Found a glowing golden altar of the Shining One.
  2975 | D:3      | Found an opulent altar of Gozag.
  3009 | D:3      | Found a glowing silver altar of Zin.
  3103 | D:3      | Found a blossoming altar of Fedhas.
  3152 | D:4      | Slain by an iguana

Illustrated notes

Levels and vault maps discovered:
D:1:      psy_arrival_spokes, layout_basic, serial_forest,
          infiniplex_forest_straight_5, infiniplex_forest_straight_5,
          infiniplex_forest_clump_medium, infiniplex_forest_end_1,
          infiniplex_forest_clump_small
D:2:      layout_basic, minmay_domino_2
D:3:      layout_rooms, pdpol_temple_overflow_zin_treasury_gozag_greed,
          ashenzari_conservatory_becter, fedhas_altar_4,
          mainiacjoe_overflow_big_doors, shapermc_ecumenical_altar_pompeii
D:4:      layout_loops_cross, grunt_ministairs_2, kennysheep_diamond,
          uniq_edmund

Skill      XL: |  1  2  3 |
---------------+----------+-----
Fire Magic     | 4 6 |  6.9
Dodging        | |  2.4
Stealth        | |  2.4
Spellcasting   | |  3.0
Conjurations   | |  1.1

Action                   |  1- 3 |  4- 6 || total
-------------------------+-------+-------++-------
Melee: Dagger            |    18 |     5 ||    23
       Rapier            |       |     7 ||     7
 Cast: Foxfire           |     7 |       ||     7
       Scorch            |    20 |    49 ||    69
  Use: Scroll            |       |     4 ||     4
 Stab: Sleeping          |     2 |     1 ||     3
Armor: Robe              |     5 |    16 ||    21
Dodge: Dodged            |    18 |    32 ||    50
Block: Buckler           |       |    21 ||    21
